Coyotes vs Bruins

Created - 28 novembre 2015 at 20:23

Goals
1 2 3 T
Coyotes 0 0 1 1
Bruins 1 1 1 3
Shots
1 2 3 T
Coyotes 5 4 11 20
Bruins 5 8 15 28

1st period

1. Bruins , Daniel Sedin 4 (Eric Lindros) at 13:14

Penalties :
Denis Grebeshkov (Ari) for Interference (Minor) at 3:48, Erik Cole (Ari) for Hooking (Minor) at 3:58, Adrian Aucoin (Ari) for Tripping (Minor) at 6:42, Sergei Shirokov (Ari) for Slashing (Double Minor) at 13:41

2nd period

2. Bruins , Daniel Sedin 5 (Eric Lindros, Victor Oreskovich) at 13:51 (PP)

Penalties :
Anton Stralman (Ari) for Hooking (Minor) at 5:58, Jan Hlavac (Ari) for Interference (Minor) at 13:09, George Parros (Bos) for Roughing (Double Minor) at 15:07

3rd period

3. Bruins , George Parros 4 (Wojtek Wolski, Mark Stuart) at 2:39 (PP)
4. Coyotes , Anton Stralman 4 (Drew Miller, Tim Connolly) at 17:29 (PP)

Penalties :
Anton Stralman (Ari) for Interference (Minor) at 1:50, Denis Grebeshkov (Ari) for Hooking (Minor) at 13:27, Matt Cooke (Bos) for Interference (Minor) at 16:56

Goalie Stats

Ryan Miller (Ari), 25 saves from 28 shots - (0,893), L, 9-12-1, 60:00 minutes
Roberto Luongo (Bos), 19 saves from 20 shots - (0,950), W, 4-5-3, 60:00 minutes

Players Stats for Coyotes

Player Name              G  A  P  +/- PIM S  H  SB GA TA FO     MP     PP MP  PK MP  
------------------------------------------------------------------------------------
Adrian Aucoin            0  0  0  -1  2   0  1  0  1  1  0/0    14:25   0:15   3:33 
Anton Stralman           1  0  1   0  4   3  0  0  0  0  0/0    20:15   1:31   4:55 
Chad Larose              0  0  0  -1  0   0  1  0  0  0  0/1    15:39   0:35   4:32 
Denis Grebeshkov         0  0  0   0  4   0  3  2  1  1  0/0    24:41   2:46   5:05 
Drew Miller              0  1  1   0  0   1  1  1  0  1  8/14   20:39   1:31   5:59 
Erik Christensen         0  0  0   0  0   1  0  0  0  0  4/8     8:27   0:39   0:00 
Erik Cole                0  0  0   0  2   0  1  1  1  0  0/0    15:02   0:22   4:46 
Frans Nielsen            0  0  0   0  0   4  1  1  0  0  4/6    14:32   0:15   4:17 
Georges Laraque          0  0  0   0  0   0  3  0  0  1  0/0     7:48   0:00   0:00 
Jan Hlavac               0  0  0   0  2   1  0  0  0  1  0/0    10:50   0:00   2:51 
Kurt Sauer               0  0  0   0  0   2  0  1  0  1  0/0    24:26   0:15   7:14 
Marian Gaborik           0  0  0   0  0   3  0  2  1  0  0/0    15:48   2:26   0:00 
Matt Taormina            0  0  0  -1  0   1  3  1  0  0  0/0    12:44   1:31   0:49 
Nazem Kadri              0  0  0  -1  0   1  2  0  0  0  5/14   15:41   2:20   2:39 
Sergei Shirokov          0  0  0   0  4   0  0  0  0  0  0/0    11:28   1:31   0:00 
Tim Connolly             0  1  1   0  0   2  2  0  0  0  6/18   14:53   1:31   0:00 
Tyler Ennis              0  0  0  -1  0   1  2  2  0  0  0/0    13:26   2:26   0:17 
Wade Redden              0  0  0   0  0   0  2  4  0  0  0/0    23:43   2:46   5:37 

Players Stats for Bruins

Player Name              G  A  P  +/- PIM S  H  SB GA TA FO     MP     PP MP  PK MP  
------------------------------------------------------------------------------------
Dainius Zubrus           0  0  0   0  0   0  0  0  0  0  0/0    10:13   1:03   0:00 
Daniel Sedin             2  0  2   1  0   2  0  0  1  0  0/0    17:29   5:47   1:24 
Dave Bolland             0  0  0   0  0   0  1  0  0  0  3/5    10:39   0:16   1:11 
David Moss               0  0  0   0  0   0  0  0  0  0  0/1     5:43   0:00   0:00 
Eric Lindros             0  2  2   1  0   2  4  0  0  0  13/17  17:05   5:47   0:50 
George Parros            1  0  1   0  4   4  0  0  1  0  0/0    23:08   6:24   0:00 
Henrik Sedin             0  0  0   0  0   3  1  1  1  0  18/35  25:17   6:17   2:31 
Jason Demers             0  0  0   1  0   0  0  2  0  1  0/0    30:52   7:44   2:39 
Keaton Ellerby           0  0  0   0  0   0  0  0  0  0  0/0     9:36   0:00   0:00 
Mark Stuart              0  1  1   0  0   0  0  0  0  1  0/0    20:03   5:52   1:53 
Matt Cooke               0  0  0   0  2   0  2  0  0  0  0/1    11:21   1:39   0:37 
Matt Hendricks           0  0  0   0  0   1  0  1  2  0  0/1     5:43   0:00   0:00 
Nate Prosser             0  0  0   0  0   0  1  0  0  0  0/0     8:59   0:00   0:00 
Ryan O'Byrne             0  0  0   1  0   4  2  1  0  2  0/0    30:27   7:44   2:39 
Victor Oreskovich        0  1  1   1  0   2  1  0  1  0  0/1    15:53   5:41   0:00 
Viktor Stalberg          0  0  0   0  0   4  1  0  0  0  0/0     7:12   1:27   0:00 
Wojtek Wolski            0  1  1   0  0   6  2  1  0  0  0/0    25:43   6:27   2:31 
Zdeno Chara              0  0  0   0  0   0  1  2  0  0  0/0    20:03   5:52   1:53 

3 Stars

1 - Daniel Sedin (Bos)
2 - Eric Lindros (Bos)
3 - Roberto Luongo (Bos)

Power Play

Coyotes - 1 on 3 Attempt(s) - 33,33%
Bruins - 2 on 9 Attempt(s) - 22,22%

Penalty Kill

Coyotes - 7 on 9 Attempt(s) - 77,78% - Score 0 goal in Penalty Kill
Bruins - 2 on 3 Attempt(s) - 66,67% - Score 0 goal in Penalty Kill

Team Stat

Coyotes - Hits : 22 - Faceoff Wins : 27 - Blocked Shots : 15 - Penalty Minutes : 18
Bruins - Hits : 16 - Faceoff Wins : 34 - Blocked Shots : 8 - Penalty Minutes : 6

Official

Referees : McCauley Wes and StLaurent Francois
Linesman : Steve Miller and Michel Cormier

Game Notes

No Game Note

Finance

Level 1 -- Attendance: 4195 (69,92%) -- Ticket Income 415 305 $
Level 2 -- Attendance: 3781 (75,62%) -- Ticket Income 223 079 $
Level 3 -- Attendance: 2000 (100,00%) -- Ticket Income 58 000 $
Level 4 -- Attendance: 4000 (100,00%) -- Ticket Income 76 000 $
Luxury Box -- Attendance: 735 (73,50%) -- Ticket Income 138 915 $
Game was played at the TD Banknorth Garden'
Total Attendance: 14711 (81,73%)
Total Ticket Income: 911 299 $
Other Income: 136 695 $
Total Income: 1 047 994 $

Coyotes

5 vs 5 Forward 
   Center                   Left Wing                Right Wing               Time % Phy DF OF 
 1 Tim Connolly             Drew Miller              Marian Gaborik           32     0   2  3  
 2 Nazem Kadri              Tyler Ennis              Chad Larose              25     0   2  3  
 3 Frans Nielsen            Erik Cole                Sergei Shirokov          23     1   3  1  
 4 Erik Christensen         Jan Hlavac               Georges Laraque          20     3   1  1  

5 vs 5 Defense 
   Defense                  Defense                                           Time % Phy DF OF 
 1 Denis Grebeshkov         Kurt Sauer                                        40     1   2  2  
 2 Wade Redden              Anton Stralman                                    32     1   3  1  
 3 Adrian Aucoin            Matt Taormina                                     27     1   2  2  
 4 Anton Stralman           Denis Grebeshkov                                  1      0   4  1  

PowerPlay Forward 
   Center                   Left Wing                Right Wing               Time % Phy DF OF 
 1 Nazem Kadri              Tyler Ennis              Marian Gaborik           60     0   0  5  
 2 Tim Connolly             Drew Miller              Sergei Shirokov          40     0   0  5  

PowerPlay Defense
   Defense                  Defense                                           Time % Phy DF OF 
 1 Wade Redden              Denis Grebeshkov                                  60     0   0  5  
 2 Anton Stralman           Matt Taormina                                     40     0   0  5  

Penalty Kill 4 Players Forward 
   Center                   Wing                     Time % Phy DF OF 
 1 Drew Miller              Erik Cole                60     0   5  0  
 2 Frans Nielsen            Chad Larose              40     0   5  0  

Penalty Kill 4 Players Defense
   Defense                  Defense                  Time % Phy DF OF 
 1 Denis Grebeshkov         Kurt Sauer               60     0   5  0  
 2 Wade Redden              Anton Stralman           40     0   5  0  

Penalty Kill - 3 Players Forward 
   Forward                                           Time % Phy DF OF 
 1 Frans Nielsen                                     60     0   5  0  
 2 Erik Cole                                         40     0   5  0  

Penalty Kill - 3 Players Defense
   Defense                  Defense                  Time % Phy DF OF 
 1 Denis Grebeshkov         Wade Redden              60     0   5  0  
 2 Kurt Sauer               Anton Stralman           40     0   5  0  

4 vs 4 Forward 
   Center                   Wing                     Time % Phy DF OF 
 1 Tim Connolly             Marian Gaborik           56     1   1  3  
 2 Frans Nielsen            Drew Miller              44     1   3  1  

4 vs 4 Defense
   Defense                  Defense                  Time % Phy DF OF 
 1 Denis Grebeshkov         Kurt Sauer               56     1   3  1  
 2 Wade Redden              Anton Stralman           44     1   3  1  

Last Minutes Offensive
   Center                   Left Wing                Right Wing               Defense                  Defense                  
   Tim Connolly             Tyler Ennis              Marian Gaborik           Denis Grebeshkov         Wade Redden              

Last Minutes Defensive
   Center                   Left Wing                Right Wing               Defense                  Defense                  
   Frans Nielsen            Drew Miller              Erik Cole                Denis Grebeshkov         Kurt Sauer               

Goaltenders
Starting : Ryan Miller              
Backup : Marc Denis               

Extra Forwards
Normal : Marian Gaborik, Tyler Ennis, Sergei Shirokov - PP : Marian Gaborik, Erik Christensen - PK : Chad Larose
Extra Defensemen
Normal : Wade Redden, Denis Grebeshkov, Anton Stralman - PP : Wade Redden - PK : Kurt Sauer, Anton Stralman
Penalty Shots
Tyler Ennis, Marian Gaborik, Tim Connolly, Jan Hlavac, Sergei Shirokov

Bruins

5 vs 5 Forward 
   Center                   Left Wing                Right Wing               Time % Phy DF OF 
 1 Henrik Sedin             Wojtek Wolski            George Parros            40     1   2  2  
 2 Eric Lindros             Daniel Sedin             Victor Oreskovich        30     1   2  2  
 3 Dave Bolland             Matt Cooke               Dainius Zubrus           20     1   2  2  
 4 Matt Hendricks           Viktor Stalberg          David Moss               10     1   2  2  

5 vs 5 Defense 
   Defense                  Defense                                           Time % Phy DF OF 
 1 Jason Demers             Ryan O'Byrne                                      40     1   2  2  
 2 Mark Stuart              Zdeno Chara                                       30     1   2  2  
 3 Nate Prosser             Keaton Ellerby                                    20     1   2  2  
 4 Jason Demers             Ryan O'Byrne                                      10     1   2  2  

PowerPlay Forward 
   Center                   Left Wing                Right Wing               Time % Phy DF OF 
 1 Henrik Sedin             Wojtek Wolski            George Parros            60     1   2  2  
 2 Eric Lindros             Daniel Sedin             Victor Oreskovich        40     1   2  2  

PowerPlay Defense
   Defense                  Defense                                           Time % Phy DF OF 
 1 Jason Demers             Ryan O'Byrne                                      60     1   2  2  
 2 Mark Stuart              Zdeno Chara                                       40     1   2  2  

Penalty Kill 4 Players Forward 
   Center                   Wing                     Time % Phy DF OF 
 1 Henrik Sedin             Wojtek Wolski            60     1   2  2  
 2 Eric Lindros             Daniel Sedin             40     1   2  2  

Penalty Kill 4 Players Defense
   Defense                  Defense                  Time % Phy DF OF 
 1 Jason Demers             Ryan O'Byrne             60     1   2  2  
 2 Mark Stuart              Zdeno Chara              40     1   2  2  

Penalty Kill - 3 Players Forward 
   Forward                                           Time % Phy DF OF 
 1 Henrik Sedin                                      60     1   2  2  
 2 Wojtek Wolski                                     40     1   2  2  

Penalty Kill - 3 Players Defense
   Defense                  Defense                  Time % Phy DF OF 
 1 Jason Demers             Ryan O'Byrne             60     1   2  2  
 2 Mark Stuart              Zdeno Chara              40     1   2  2  

4 vs 4 Forward 
   Center                   Wing                     Time % Phy DF OF 
 1 Henrik Sedin             Wojtek Wolski            60     1   2  2  
 2 Eric Lindros             Daniel Sedin             40     1   2  2  

4 vs 4 Defense
   Defense                  Defense                  Time % Phy DF OF 
 1 Jason Demers             Ryan O'Byrne             60     1   2  2  
 2 Mark Stuart              Zdeno Chara              40     1   2  2  

Last Minutes Offensive
   Center                   Left Wing                Right Wing               Defense                  Defense                  
   Henrik Sedin             Wojtek Wolski            George Parros            Jason Demers             Ryan O'Byrne             

Last Minutes Defensive
   Center                   Left Wing                Right Wing               Defense                  Defense                  
   Henrik Sedin             Wojtek Wolski            George Parros            Jason Demers             Ryan O'Byrne             

Goaltenders
Starting : Roberto Luongo           
Backup : Karri Ramo               

Extra Forwards
Normal : Matt Cooke, Viktor Stalberg, Dave Bolland - PP : Matt Cooke, Viktor Stalberg - PK : Dave Bolland
Extra Defensemen
Normal : Nate Prosser, Keaton Ellerby, Mark Stuart - PP : Nate Prosser - PK : Keaton Ellerby, Mark Stuart
Penalty Shots
Henrik Sedin, Wojtek Wolski, Eric Lindros, Daniel Sedin, George Parros

% Time on Ice - Coyotes

Lines # - Real PCT - Wanted PCT - Time Play
Normal Forward
1 - 33% - 32% - 13:38
2 - 25% - 25% - 10:32
3 - 24% - 23% - 9:54
4 - 19% - 20% - 7:48
Normal Defense
1 - 42% - 40% - 17:43
2 - 33% - 32% - 13:51
3 - 25% - 27% - 10:18
4 - 0% - 1% - 0:00
PP Forward
1 - 67% - 60% - 3:01
2 - 33% - 40% - 1:31
PP Defense
1 - 67% - 60% - 3:01
2 - 33% - 40% - 1:31
PK Forward
1 - 72% - 60% - 8:30
2 - 28% - 40% - 3:17
PK Defense
1 - 60% - 60% - 7:01
2 - 40% - 40% - 4:46
PK3 Forward
1 - 57% - 60% - 1:02
2 - 43% - 40% - 0:47
PK3 Defense
1 - 85% - 60% - 1:33
2 - 15% - 40% - 0:16
44 Forward
1 - 0% - 56%
2 - 0% - 44%
44 Defense
1 - 0% - 56%
2 - 0% - 44%
Last Minute Offensive  - 0:00
Last Minute Defensive  - 0:00
Total
Forward - 60:00
Defense - 60:00

% Time on Ice - Bruins

Lines # - Real PCT - Wanted PCT - Time Play
Normal Forward
1 - 40% - 40% - 16:47
2 - 24% - 30% - 10:12
3 - 22% - 20% - 9:10
4 - 14% - 10% - 5:43
Normal Defense
1 - 47% - 40% - 19:35
2 - 29% - 30% - 12:18
3 - 21% - 20% - 8:59
4 - 2% - 10% - 1:00
PP Forward
1 - 54% - 60% - 7:20
2 - 46% - 40% - 6:16
PP Defense
1 - 57% - 60% - 7:44
2 - 43% - 40% - 5:52
PK Forward
1 - 88% - 60% - 4:00
2 - 12% - 40% - 0:32
PK Defense
1 - 58% - 60% - 2:39
2 - 42% - 40% - 1:53
PK3 Forward
1 - 0% - 60%
2 - 0% - 40%
PK3 Defense
1 - 0% - 60%
2 - 0% - 40%
44 Forward
1 - 0% - 60%
2 - 0% - 40%
44 Defense
1 - 0% - 60%
2 - 0% - 40%
Last Minute Offensive  - 0:00
Last Minute Defensive  - 0:00
Total
Forward - 60:00
Defense - 60:00

Play by Play

1st period


0:01 of 1st period - Tim Connolly wins face-off versus Henrik Sedin in neutral zone.
0:12 of 1st period - Slapshot by Ryan O'Byrne.
0:12 of 1st period - Deflect By Henrik Sedin.
0:12 of 1st period - Shot Blocked by Marian Gaborik.
0:12 of 1st period - Puck is out of play.
0:13 of 1st period - Eric Lindros wins face-off versus Nazem Kadri in Coyotes zone.
1:29 of 1st period - Wrist shot by Marian Gaborik.
1:29 of 1st period - Stopped by Roberto Luongo without a rebound.
1:30 of 1st period - Eric Lindros wins face-off versus Nazem Kadri in Bruins zone.
2:47 of 1st period - Off-side.
2:48 of 1st period - Eric Lindros wins face-off versus Erik Christensen in neutral zone.
3:13 of 1st period - Wojtek Wolski is hit by Matt Taormina and loses puck.
3:24 of 1st period - Off-side.
3:25 of 1st period - Eric Lindros wins face-off versus Nazem Kadri in neutral zone.
3:25 of 1st period - Eric Lindros is hit by Chad Larose.
3:29 of 1st period - Wrist shot by Victor Oreskovich.
3:29 of 1st period - Stopped by Ryan Miller without a rebound.
3:30 of 1st period - Eric Lindros wins face-off versus Nazem Kadri in Coyotes zone.
3:48 of 1st period - Minor Penalty to Denis Grebeshkov for Interference.
3:49 of 1st period - Henrik Sedin wins face-off versus Drew Miller in Coyotes zone.
3:58 of 1st period - Minor Penalty to Erik Cole for Hooking.
3:59 of 1st period - Frans Nielsen wins face-off versus Henrik Sedin in Coyotes zone.
4:32 of 1st period - Wrist shot by Daniel Sedin.
4:32 of 1st period - Shot Misses the Net.
5:48 of 1st period - Penalty to Denis Grebeshkov is over, Denis Grebeshkov is back on ice.
5:58 of 1st period - Penalty to Erik Cole is over, Erik Cole is back on ice.
6:42 of 1st period - Minor Penalty to Adrian Aucoin for Tripping.
6:43 of 1st period - Drew Miller wins face-off versus Eric Lindros in Coyotes zone.
7:36 of 1st period - Chad Larose is hit by Ryan O'Byrne.
8:15 of 1st period - Icing by Eric Lindros.
8:16 of 1st period - Nazem Kadri wins face-off versus Eric Lindros in Bruins zone.
8:27 of 1st period - Snap shot by Nazem Kadri.
8:27 of 1st period - Shot Misses the Net.
8:35 of 1st period - Anton Stralman is hit by Henrik Sedin and loses puck.
8:42 of 1st period - Penalty to Adrian Aucoin is over, Adrian Aucoin is back on ice.
8:50 of 1st period - Wrist shot by Frans Nielsen.
8:50 of 1st period - Stopped by Roberto Luongo with a rebound.
9:46 of 1st period - Backhand shot by Matt Hendricks.
9:46 of 1st period - Stopped by Ryan Miller without a rebound.
9:47 of 1st period - Tim Connolly wins face-off versus Henrik Sedin in Coyotes zone.
9:56 of 1st period - Slapshot by Tim Connolly.
9:56 of 1st period - Stopped by Roberto Luongo with a rebound.
10:25 of 1st period - Wrist shot by Nazem Kadri.
10:25 of 1st period - Shot Misses the Net.
10:37 of 1st period - Denis Grebeshkov is hit by Dave Bolland and loses puck.
11:14 of 1st period - Ryan O'Byrne is hit by Drew Miller and loses puck.
11:37 of 1st period - Wrist shot by Tyler Ennis.
11:37 of 1st period - Shot Misses the Net.
11:39 of 1st period - Slapshot by Chad Larose.
11:39 of 1st period - Shot Misses the Net.
11:41 of 1st period - Slapshot by Anton Stralman.
11:41 of 1st period - Stopped by Roberto Luongo without a rebound.
11:42 of 1st period - Nazem Kadri wins face-off versus Henrik Sedin in Bruins zone.
12:22 of 1st period - Snap shot by Daniel Sedin.
12:22 of 1st period - Shot Blocked by Kurt Sauer.
12:36 of 1st period - Snap shot by Marian Gaborik.
12:36 of 1st period - Shot Misses the Net.
12:38 of 1st period - Snap shot by Drew Miller.
12:38 of 1st period - Shot Misses the Net.
12:40 of 1st period - Snap shot by Drew Miller.
12:40 of 1st period - Stopped by Roberto Luongo without a rebound.
12:41 of 1st period - Henrik Sedin wins face-off versus Tim Connolly in Bruins zone.
12:41 of 1st period - Henrik Sedin is hit by Tim Connolly.
13:07 of 1st period - Wade Redden is hit by Eric Lindros and loses puck.
13:14 of 1st period - Snap shot by Daniel Sedin.
13:14 of 1st period - Goal by Daniel Sedin - Coyotes : 0 - Bruins : 1.
13:15 of 1st period - Frans Nielsen wins face-off versus Henrik Sedin in neutral zone.
13:41 of 1st period - Double Minor Penalty to Sergei Shirokov for Slashing.
13:42 of 1st period - Drew Miller wins face-off versus Henrik Sedin in Coyotes zone.
13:47 of 1st period - Wrist shot by Henrik Sedin.
13:47 of 1st period - Shot Misses the Net.
13:49 of 1st period - Wrist shot by George Parros.
13:49 of 1st period - Shot Misses the Net.
13:51 of 1st period - Slapshot by Ryan O'Byrne.
13:51 of 1st period - Deflect By Denis Grebeshkov.
13:51 of 1st period - Stopped by Ryan Miller with a rebound.
13:53 of 1st period - Slapshot by Henrik Sedin.
13:53 of 1st period - Stopped by Ryan Miller without a rebound.
13:54 of 1st period - Drew Miller wins face-off versus Henrik Sedin in Coyotes zone.
13:54 of 1st period - Drew Miller is hit by Wojtek Wolski.
14:20 of 1st period - Denis Grebeshkov is hit by Eric Lindros.
17:41 of 1st period - Penalty to Sergei Shirokov is over, Sergei Shirokov is back on ice.
19:38 of 1st period - George Parros is hit by Matt Taormina and loses puck.
Goals for this period are 0 for Coyotes vs 1 for Bruins.
Shots for this period are 5 for Coyotes vs 5 for Bruins.

2nd period


0:01 of 2nd period - Henrik Sedin wins face-off versus Tim Connolly in neutral zone.
0:04 of 2nd period - Wrist shot by Wojtek Wolski.
0:04 of 2nd period - Shot Misses the Net.
0:56 of 2nd period - Wrist shot by Frans Nielsen.
0:56 of 2nd period - Stopped by Roberto Luongo without a rebound.
0:57 of 2nd period - Henrik Sedin wins face-off versus Drew Miller in Bruins zone.
1:06 of 2nd period - Slapshot by Henrik Sedin.
1:06 of 2nd period - Shot Misses the Net.
1:08 of 2nd period - Backhand shot by Zdeno Chara.
1:08 of 2nd period - Shot Blocked by Drew Miller.
1:10 of 2nd period - Slapshot by Henrik Sedin.
1:10 of 2nd period - Shot Blocked by Matt Taormina.
1:53 of 2nd period - Slapshot by Viktor Stalberg.
1:53 of 2nd period - Stopped by Ryan Miller without a rebound.
1:54 of 2nd period - Henrik Sedin wins face-off versus Chad Larose in Coyotes zone.
2:19 of 2nd period - Jason Demers is hit by Wade Redden and loses puck.
2:46 of 2nd period - Wade Redden is hit by Nate Prosser and loses puck.
3:09 of 2nd period - Matt Hendricks is hit by Tyler Ennis and loses puck.
3:23 of 2nd period - Icing by Kurt Sauer.
3:24 of 2nd period - Frans Nielsen wins face-off versus Henrik Sedin in Coyotes zone.
3:46 of 2nd period - Wrist shot by Sergei Shirokov.
3:46 of 2nd period - Shot Blocked by Ryan O'Byrne.
3:48 of 2nd period - Wrist shot by Erik Cole.
3:48 of 2nd period - Shot Misses the Net.
3:50 of 2nd period - Wrist shot by Frans Nielsen.
3:50 of 2nd period - Stopped by Roberto Luongo with a rebound.
3:52 of 2nd period - Slapshot by Frans Nielsen.
3:52 of 2nd period - Shot Misses the Net.
3:54 of 2nd period - Slapshot by Frans Nielsen.
3:54 of 2nd period - Shot Misses the Net.
4:13 of 2nd period - Jason Demers is hit by Frans Nielsen and loses puck.
4:35 of 2nd period - Slapshot by Henrik Sedin.
4:35 of 2nd period - Shot Blocked by Denis Grebeshkov.
4:47 of 2nd period - Wrist shot by Frans Nielsen.
4:47 of 2nd period - Stopped by Roberto Luongo with a rebound.
4:49 of 2nd period - Snap shot by Erik Cole.
4:49 of 2nd period - Shot Blocked by Wojtek Wolski.
5:37 of 2nd period - Slapshot by George Parros.
5:37 of 2nd period - Stopped by Ryan Miller without a rebound.
5:38 of 2nd period - Eric Lindros wins face-off versus Tim Connolly in Coyotes zone.
5:45 of 2nd period - Snap shot by Eric Lindros.
5:45 of 2nd period - Deflect By Victor Oreskovich.
5:45 of 2nd period - Stopped by Ryan Miller without a rebound.
5:46 of 2nd period - Eric Lindros wins face-off versus Tim Connolly in Coyotes zone.
5:51 of 2nd period - Wrist shot by Eric Lindros.
5:51 of 2nd period - Stopped by Ryan Miller without a rebound.
5:52 of 2nd period - Eric Lindros wins face-off versus Tim Connolly in Coyotes zone.
5:58 of 2nd period - Minor Penalty to Anton Stralman for Hooking.
5:59 of 2nd period - Drew Miller wins face-off versus Eric Lindros in Coyotes zone.
6:48 of 2nd period - Jan Hlavac is hit by Viktor Stalberg and loses puck.
7:56 of 2nd period - Chad Larose is hit by Wojtek Wolski and loses puck.
7:58 of 2nd period - Penalty to Anton Stralman is over, Anton Stralman is back on ice.
9:08 of 2nd period - Zdeno Chara is hit by Nazem Kadri and loses puck.
9:16 of 2nd period - Icing by Zdeno Chara.
9:17 of 2nd period - Tim Connolly wins face-off versus Henrik Sedin in Bruins zone.
9:22 of 2nd period - Wrist shot by Marian Gaborik.
9:22 of 2nd period - Shot Misses the Net.
9:42 of 2nd period - Slapshot by Henrik Sedin.
9:42 of 2nd period - Stopped by Ryan Miller with a rebound.
10:10 of 2nd period - Jason Demers is hit by Matt Taormina and loses puck.
11:05 of 2nd period - Wrist shot by Marian Gaborik.
11:05 of 2nd period - Shot Blocked by Matt Hendricks.
11:15 of 2nd period - Anton Stralman is hit by Victor Oreskovich.
11:21 of 2nd period - Daniel Sedin is hit by Erik Cole and loses puck.
12:00 of 2nd period - Off-side.
12:01 of 2nd period - Eric Lindros wins face-off versus Nazem Kadri in neutral zone.
13:03 of 2nd period - Icing by Mark Stuart.
13:04 of 2nd period - Eric Lindros wins face-off versus Erik Christensen in Bruins zone.
13:04 of 2nd period - Eric Lindros is hit by Denis Grebeshkov.
13:09 of 2nd period - Minor Penalty to Jan Hlavac for Interference.
13:10 of 2nd period - Henrik Sedin wins face-off versus Drew Miller in Coyotes zone.
13:14 of 2nd period - Wrist shot by Wojtek Wolski.
13:14 of 2nd period - Stopped by Ryan Miller without a rebound.
13:15 of 2nd period - Henrik Sedin wins face-off versus Drew Miller in Coyotes zone.
13:49 of 2nd period - Snap shot by Daniel Sedin.
13:49 of 2nd period - Shot Misses the Net.
13:51 of 2nd period - Snap shot by Daniel Sedin.
13:51 of 2nd period - Goal by Daniel Sedin - Coyotes : 0 - Bruins : 2.
13:52 of 2nd period - Henrik Sedin wins face-off versus Tim Connolly in neutral zone.
14:17 of 2nd period - Daniel Sedin is hit by Denis Grebeshkov.
14:57 of 2nd period - Snap shot by Wojtek Wolski.
14:57 of 2nd period - Shot Hit the Post.
15:02 of 2nd period - Off-side.
15:03 of 2nd period - Frans Nielsen wins face-off versus Henrik Sedin in neutral zone.
15:07 of 2nd period - Double Minor Penalty to George Parros for Roughing.
15:08 of 2nd period - Henrik Sedin wins face-off versus Nazem Kadri in Bruins zone.
15:17 of 2nd period - Slapshot by Henrik Sedin.
15:17 of 2nd period - Shot Misses the Net.
15:20 of 2nd period - Icing by Wade Redden.
15:21 of 2nd period - Nazem Kadri wins face-off versus Henrik Sedin in Coyotes zone.
15:28 of 2nd period - Wrist shot by Wojtek Wolski.
15:28 of 2nd period - Shot Blocked by Marian Gaborik.
15:30 of 2nd period - Slapshot by Ryan O'Byrne.
15:30 of 2nd period - Deflect By Marian Gaborik.
15:30 of 2nd period - Stopped by Ryan Miller without a rebound.
15:31 of 2nd period - Nazem Kadri wins face-off versus Henrik Sedin in Coyotes zone.
15:44 of 2nd period - Snap shot by Tyler Ennis.
15:44 of 2nd period - Stopped by Roberto Luongo with a rebound.
16:07 of 2nd period - Wrist shot by Marian Gaborik.
16:07 of 2nd period - Shot Blocked by Zdeno Chara.
16:17 of 2nd period - Tyler Ennis is hit by Eric Lindros.
16:37 of 2nd period - Wrist shot by Marian Gaborik.
16:37 of 2nd period - Shot Misses the Net.
16:39 of 2nd period - Slapshot by Marian Gaborik.
16:39 of 2nd period - Shot Misses the Net.
16:41 of 2nd period - Wrist shot by Denis Grebeshkov.
16:41 of 2nd period - Shot Misses the Net.
16:43 of 2nd period - Snap shot by Denis Grebeshkov.
16:43 of 2nd period - Deflect By Tyler Ennis.
16:43 of 2nd period - Shot Misses the Net.
16:43 of 2nd period - Puck is out of play.
16:44 of 2nd period - Henrik Sedin wins face-off versus Drew Miller in Bruins zone.
18:41 of 2nd period - Drew Miller is hit by Zdeno Chara and loses puck.
19:07 of 2nd period - Penalty to George Parros is over, George Parros is back on ice.
19:19 of 2nd period - Snap shot by Wojtek Wolski.
19:19 of 2nd period - Shot Misses the Net.
19:22 of 2nd period - Icing by Jan Hlavac.
19:23 of 2nd period - Erik Christensen wins face-off versus David Moss in Coyotes zone.
Goals for this period are 0 for Coyotes vs 1 for Bruins.
Shots for this period are 4 for Coyotes vs 8 for Bruins.

3rd period


0:01 of 3rd period - Drew Miller wins face-off versus Henrik Sedin in neutral zone.
0:07 of 3rd period - Wrist shot by Marian Gaborik.
0:07 of 3rd period - Shot Misses the Net.
0:09 of 3rd period - Wrist shot by Marian Gaborik.
0:09 of 3rd period - Stopped by Roberto Luongo with a rebound.
0:11 of 3rd period - Snap shot by Tim Connolly.
0:11 of 3rd period - Stopped by Roberto Luongo with a rebound.
0:13 of 3rd period - Wrist shot by Marian Gaborik.
0:13 of 3rd period - Shot Misses the Net.
0:15 of 3rd period - Slapshot by Drew Miller.
0:15 of 3rd period - Shot Misses the Net.
0:17 of 3rd period - Slapshot by Kurt Sauer.
0:17 of 3rd period - Shot Blocked by Henrik Sedin.
0:34 of 3rd period - Chad Larose is hit by Ryan O'Byrne and loses puck.
0:49 of 3rd period - Snap shot by Erik Christensen.
0:49 of 3rd period - Shot Misses the Net.
0:51 of 3rd period - Wrist shot by Jan Hlavac.
0:51 of 3rd period - Shot Blocked by Jason Demers.
0:53 of 3rd period - Wrist shot by Jan Hlavac.
0:53 of 3rd period - Stopped by Roberto Luongo with a rebound.
0:55 of 3rd period - Slapshot by Matt Taormina.
0:55 of 3rd period - Stopped by Roberto Luongo without a rebound.
0:56 of 3rd period - Henrik Sedin wins face-off versus Tim Connolly in Bruins zone.
1:09 of 3rd period - Snap shot by Henrik Sedin.
1:09 of 3rd period - Stopped by Ryan Miller without a rebound.
1:10 of 3rd period - Tim Connolly wins face-off versus Victor Oreskovich in Coyotes zone.
1:50 of 3rd period - Minor Penalty to Anton Stralman for Interference.
1:51 of 3rd period - Henrik Sedin wins face-off versus Drew Miller in Coyotes zone.
2:23 of 3rd period - Wrist shot by Victor Oreskovich.
2:23 of 3rd period - Deflect By Eric Lindros.
2:23 of 3rd period - Shot Blocked by Frans Nielsen.
2:23 of 3rd period - Puck is out of play.
2:24 of 3rd period - Drew Miller wins face-off versus Henrik Sedin in Coyotes zone.
2:35 of 3rd period - Slapshot by Mark Stuart.
2:35 of 3rd period - Shot Blocked by Wade Redden.
2:37 of 3rd period - Wrist shot by Wojtek Wolski.
2:37 of 3rd period - Stopped by Ryan Miller with a rebound.
2:39 of 3rd period - Snap shot by George Parros.
2:39 of 3rd period - Goal by George Parros - Coyotes : 0 - Bruins : 3.
2:40 of 3rd period - Tim Connolly wins face-off versus Henrik Sedin in neutral zone.
3:01 of 3rd period - George Parros is hit by Tim Connolly and loses puck.
3:14 of 3rd period - Slapshot by Ryan O'Byrne.
3:14 of 3rd period - Stopped by Ryan Miller with a rebound.
4:16 of 3rd period - Slapshot by Marian Gaborik.
4:16 of 3rd period - Stopped by Roberto Luongo without a rebound.
4:17 of 3rd period - Eric Lindros wins face-off versus Nazem Kadri in Bruins zone.
4:33 of 3rd period - Off-side.
4:34 of 3rd period - Dave Bolland wins face-off versus Erik Christensen in neutral zone.
4:37 of 3rd period - Georges Laraque is hit by Matt Cooke.
4:47 of 3rd period - Snap shot by Matt Cooke.
4:47 of 3rd period - Shot Misses the Net.
4:49 of 3rd period - Snap shot by Matt Cooke.
4:49 of 3rd period - Shot Blocked by Wade Redden.
4:59 of 3rd period - Mark Stuart is hit by Nazem Kadri and loses puck.
5:24 of 3rd period - Wrist shot by Viktor Stalberg.
5:24 of 3rd period - Stopped by Ryan Miller without a rebound.
5:25 of 3rd period - Erik Christensen wins face-off versus Matt Hendricks in Coyotes zone.
5:30 of 3rd period - Backhand shot by Jan Hlavac.
5:30 of 3rd period - Shot Misses the Net.
5:59 of 3rd period - Slapshot by Chad Larose.
5:59 of 3rd period - Shot Misses the Net.
6:11 of 3rd period - Wrist shot by Eric Lindros.
6:11 of 3rd period - Stopped by Ryan Miller without a rebound.
6:12 of 3rd period - Dave Bolland wins face-off versus Frans Nielsen in Coyotes zone.
6:15 of 3rd period - Snap shot by Dainius Zubrus.
6:15 of 3rd period - Shot Blocked by Wade Redden.
6:25 of 3rd period - Snap shot by Erik Cole.
6:25 of 3rd period - Shot Misses the Net.
6:27 of 3rd period - Snap shot by Anton Stralman.
6:27 of 3rd period - Stopped by Roberto Luongo without a rebound.
6:28 of 3rd period - Henrik Sedin wins face-off versus Tim Connolly in Bruins zone.
6:41 of 3rd period - Slapshot by Henrik Sedin.
6:41 of 3rd period - Shot Misses the Net.
6:43 of 3rd period - Snap shot by Ryan O'Byrne.
6:43 of 3rd period - Shot Blocked by Denis Grebeshkov.
7:10 of 3rd period - Icing by Denis Grebeshkov.
7:11 of 3rd period - Nazem Kadri wins face-off versus Dave Bolland in Coyotes zone.
8:04 of 3rd period - Zdeno Chara is hit by Georges Laraque and loses puck.
8:21 of 3rd period - Slapshot by Anton Stralman.
8:21 of 3rd period - Shot Blocked by Zdeno Chara.
8:27 of 3rd period - Wrist shot by Sergei Shirokov.
8:27 of 3rd period - Deflect By Mark Stuart.
8:27 of 3rd period - Shot Misses the Net.
8:27 of 3rd period - Puck is out of play.
8:28 of 3rd period - Henrik Sedin wins face-off versus Tim Connolly in Bruins zone.
8:28 of 3rd period - Henrik Sedin is hit by Adrian Aucoin.
8:41 of 3rd period - Off-side.
8:42 of 3rd period - Tim Connolly wins face-off versus Eric Lindros in neutral zone.
8:45 of 3rd period - Snap shot by Kurt Sauer.
8:45 of 3rd period - Stopped by Roberto Luongo with a rebound.
9:09 of 3rd period - George Parros is hit by Tyler Ennis and loses puck.
9:36 of 3rd period - Wrist shot by Viktor Stalberg.
9:36 of 3rd period - Stopped by Ryan Miller with a rebound.
9:38 of 3rd period - Slapshot by Viktor Stalberg.
9:38 of 3rd period - Stopped by Ryan Miller without a rebound.
9:39 of 3rd period - Henrik Sedin wins face-off versus Tim Connolly in Coyotes zone.
10:04 of 3rd period - Keaton Ellerby is hit by Georges Laraque.
10:14 of 3rd period - Wrist shot by Anton Stralman.
10:14 of 3rd period - Shot Blocked by Jason Demers.
10:35 of 3rd period - Snap shot by Matt Cooke.
10:35 of 3rd period - Shot Misses the Net.
10:57 of 3rd period - Icing by Nate Prosser.
10:58 of 3rd period - Henrik Sedin wins face-off versus Tim Connolly in Bruins zone.
11:12 of 3rd period - Slapshot by Kurt Sauer.
11:12 of 3rd period - Stopped by Roberto Luongo without a rebound.
11:13 of 3rd period - Eric Lindros wins face-off versus Erik Christensen in Bruins zone.
11:13 of 3rd period - Eric Lindros is hit by Georges Laraque.
12:09 of 3rd period - Off-side.
12:10 of 3rd period - Eric Lindros wins face-off versus Tim Connolly in neutral zone.
12:41 of 3rd period - Wrist shot by Wojtek Wolski.
12:41 of 3rd period - Shot Misses the Net.
12:44 of 3rd period - Icing by Nazem Kadri.
12:45 of 3rd period - Henrik Sedin wins face-off versus Nazem Kadri in Coyotes zone.
12:48 of 3rd period - Wrist shot by Wojtek Wolski.
12:48 of 3rd period - Stopped by Ryan Miller with a rebound.
12:50 of 3rd period - Slapshot by Nate Prosser.
12:50 of 3rd period - Shot Misses the Net.
12:52 of 3rd period - Slapshot by Keaton Ellerby.
12:52 of 3rd period - Shot Blocked by Tyler Ennis.
12:54 of 3rd period - Snap shot by George Parros.
12:54 of 3rd period - Stopped by Ryan Miller with a rebound.
12:56 of 3rd period - Snap shot by Wojtek Wolski.
12:56 of 3rd period - Stopped by Ryan Miller with a rebound.
12:58 of 3rd period - Wrist shot by Henrik Sedin.
12:58 of 3rd period - Shot Blocked by Tyler Ennis.
13:10 of 3rd period - Drew Miller is hit by Eric Lindros and loses puck.
13:27 of 3rd period - Minor Penalty to Denis Grebeshkov for Hooking.
13:28 of 3rd period - Drew Miller wins face-off versus Henrik Sedin in Coyotes zone.
13:32 of 3rd period - Off-side.
13:33 of 3rd period - Drew Miller wins face-off versus Henrik Sedin in neutral zone.
15:27 of 3rd period - Penalty to Denis Grebeshkov is over, Denis Grebeshkov is back on ice.
15:28 of 3rd period - Daniel Sedin is hit by Denis Grebeshkov and loses puck.
15:45 of 3rd period - Nate Prosser is hit by Wade Redden.
16:43 of 3rd period - Snap shot by Erik Christensen.
16:43 of 3rd period - Stopped by Roberto Luongo without a rebound.
16:44 of 3rd period - Erik Christensen wins face-off versus Dave Bolland in Bruins zone.
16:56 of 3rd period - Minor Penalty to Matt Cooke for Interference.
16:57 of 3rd period - Henrik Sedin wins face-off versus Nazem Kadri in Bruins zone.
17:27 of 3rd period - Snap shot by Drew Miller.
17:27 of 3rd period - Shot Misses the Net.
17:29 of 3rd period - Snap shot by Anton Stralman.
17:29 of 3rd period - Goal by Anton Stralman - Coyotes : 1 - Bruins : 3.
17:30 of 3rd period - Dave Bolland wins face-off versus Frans Nielsen in neutral zone.
17:33 of 3rd period - Wrist shot by Ryan O'Byrne.
17:33 of 3rd period - Shot Blocked by Erik Cole.
18:19 of 3rd period - Snap shot by Nazem Kadri.
18:19 of 3rd period - Stopped by Roberto Luongo with a rebound.
18:59 of 3rd period - Slapshot by George Parros.
18:59 of 3rd period - Stopped by Ryan Miller with a rebound.
19:01 of 3rd period - Snap shot by Wojtek Wolski.
19:01 of 3rd period - Stopped by Ryan Miller with a rebound.
19:03 of 3rd period - Wrist shot by Henrik Sedin.
19:03 of 3rd period - Shot Misses the Net.
19:21 of 3rd period - Slapshot by Wojtek Wolski.
19:21 of 3rd period - Stopped by Ryan Miller with a rebound.
19:23 of 3rd period - Slapshot by Jason Demers.
19:23 of 3rd period - Shot Blocked by Wade Redden.
19:55 of 3rd period - Slapshot by Henrik Sedin.
19:55 of 3rd period - Shot Misses the Net.
19:57 of 3rd period - Snap shot by Ryan O'Byrne.
19:57 of 3rd period - Stopped by Ryan Miller without a rebound.
19:58 of 3rd period - Erik Christensen wins face-off versus Matt Cooke in Coyotes zone.
19:58 of 3rd period - Erik Christensen is hit by Matt Cooke.
Goals for this period are 1 for Coyotes vs 1 for Bruins.
Shots for this period are 11 for Coyotes vs 15 for Bruins.


Output by the SimonT Hockey Simulator (STHS) for François Prévost -- Original Page W3C XHTML 1.0 Valid
Hockey Simulator - Hockey Simulation - Hockey Manager